 Dungeon Crawl Stone Soup version 0.28-a0-773-g130ae17fe5 (webtiles) character file.

Game seed: 14297644651533129357

92 bande the Covered (level 4, -1/29 HPs)
             Began as a Gargoyle Fighter on Nov 2, 2021.
             Slain by an orc wizard (3 damage)
             ... on level 2 of the Dungeon.
             The game lasted 00:02:31 (1456 turns).

bande the Covered (Gargoyle Fighter)                Turns: 1456, Time: 00:02:32

Health: -1/29      AC: 10    Str: 20    XL:     4   Next: 60%
Magic:  3/4        EV:  9    Int:  9    God:
Gold:   23         SH:  0    Dex:  9    Spells: 2/3 levels left

rFire   . . .      SeeInvis .   a - +0 war axe
rCold   . . .      Faith    .   c - +0 buckler
rNeg    + . .      Spirit   .   b - +0 scale mail
rPois   ∞          Reflect  .   (no helmet)
rElec   +          Harm     .   (no cloak)
rCorr   .          Rampage  .   (no gloves)
Will    .....                   (no boots)
Stlth   ..........              (no amulet)
HPRegen 0.09/turn               (no ring)
MPRegen 0.09/turn               (no ring)

@: confused
A: sickness immunity, AC +3, negative energy resistance 1, electricity
resistance, torment resistance 1, petrification resistance
a: no special abilities


You were on level 2 of the Dungeon.
You visited 1 branch of the dungeon, and saw 2 of its levels.

You collected 23 gold pieces.

Inventory:

Hand Weapons
 a - a +0 war axe (weapon)
Missiles
 h - a throwing net (quivered)
Armour
 b - a +0 scale mail (worn)
 c - a +0 buckler (worn)
Jewellery
 f - a ring of wizardry
Scrolls
 e - a scroll of silence {unknown}
 g - a scroll of identify {unknown}
Potions
 d - 2 potions of might


   Skills:
 + Level 3.7 Fighting
 + Level 2.8 Axes
 + Level 4.1 Armour
 + Level 3.5 Shields
 * Level 1.1 Translocations


You had 2 spell levels left.
You knew the following spells:

 Your Spells              Type           Power      Damage    Failure   Level
a - Apportation           Tloc           2%         N/A       58%         1

Your spell library contained the following spells:

 Spells                   Type           Power      Damage    Failure   Level
 Animate Skeleton         Necr           0%         N/A       75%         1
 Summon Small Mammal      Summ           0%         N/A       75%         1


Dungeon Overview and Level Annotations

Branches:
Dungeon (2/15)

Altars:

Shops:
D:1 !


Innate Abilities, Weirdness & Mutations

You are immune to sickness and miasma.
Your stone body is resilient. (AC +3)
You are immune to poison.
You resist negative energy. (rN+)
You are resistant to electric shocks. (rElec)
You are resistant to unholy torment.
You are immune to petrification.


Message History

Something tries to affect you, but you resist.
You slash something!
You hear some strange, mumbled words.
A puff of flame appears from out of thin air!
The puff of flame hits you. Something hits you.
* * * LOW HITPOINT WARNING * * *
You miss something. Something hits you but does no damage.
You barely miss something.
You hear some strange, mumbled words.
You are confused.
Something hits you but does no damage.
You see here a +0 dagger.
You miss something.
An orc wizard appears from thin air!
Reactivating autopickup.
The orc wizard closely misses you. The orc wizard casts a spell at you.
The magic dart hits you.
* * * LOW HITPOINT WARNING * * *
You closely miss the orc wizard.
The orc wizard is severely wounded.
The orc wizard gestures at you while chanting.
You are more confused.
The orc wizard hits you but does no damage.
You're too confused to move!
The orc wizard casts a spell at you. The magic dart hits you.
* * * LOW HITPOINT WARNING * * *
Unknown command.
You bump into the rock wall.
The orc wizard points at you and mumbles some strange words.
You are more confused.
You're too confused to move!
The orc wizard closely misses you.
The orc wizard hits you but does no damage.
The orc wizard gestures at you while chanting.
You resist with some effort.
Okay, then.
You closely miss the orc wizard.
The orc wizard is severely wounded.
The orc wizard hits you with a +0 dagger.
You die...

#...............#
#.............###
#.............#####
#..........#..#....
#..........#..#.###
######..........##...#
#........###........##
#......)o.........#..#
#......@..........#..##
#......)#.........##..#
#.......###############
#.......# #.......#
#########


You could see an orc wizard.

Vanquished Creatures
  An orc priest (D:2)
  2 adders (D:2)
  A dart slug (D:1)
  3 orcs (D:2)
  3 ball pythons (D:1)
  2 bats (D:1)
  2 endoplasms (D:2)
  A giant cockroach (D:1)
  4 goblins
  3 hobgoblins (D:2)
  3 jackals (D:1)
  4 kobolds
  2 quokkas
  4 frilled lizards
  2 rats
37 creatures vanquished.

Notes
Turn   | Place    | Note
-------+----------+-------------------------------------------
     0 | D:1      | bande the Gargoyle Fighter began the quest for the Orb.
     0 | D:1      | Reached XP level 1. HP: 14/14 MP: 1/1
   421 | D:1      | Reached XP level 2. HP: 19/19 MP: 2/2
   501 | D:1      | Learned a level 1 spell: Apportation
   505 | D:1      | Found Jeojoiw's Distillery.
   723 | D:1      | Found a faded altar of an unknown god.
   728 | D:1      | Reached XP level 3. HP: 22/23 MP: 3/3
  1331 | D:2      | Reached skill level 4 in Armour
  1368 | D:2      | Reached XP level 4. HP: 28/28 MP: 4/4
  1431 | D:2      | Reached skill level 1 in Translocations
  1450 | D:2      | HP: 1/29 [orc wizard/magic dart (5)]
  1456 | D:2      | Slain by an orc wizard

Illustrated notes

Levels and vault maps discovered:
D:1:      minmay_arrival_doors, layout_basic, serial_shops, shop,
          basic_ecumenical_altar
D:2:      layout_rooms, kennysheep_generic_room_15

Skill      XL: |  1  2  3  4 |
---------------+-------------+-----
Axes           | 2 |  2.8
Armour         | 4 |  4.1
Translocations | 1 |  1.1
Fighting       | |  3.7
Shields        | |  3.5

Action                   |  1- 3 |  4- 6 || total
-------------------------+-------+-------++-------
Melee: War axe           |    85 |    21 ||   106
Armor: Scale mail        |    71 |    16 ||    87
Dodge: Dodged            |    39 |    11 ||    50
Block: Buckler           |    18 |     5 ||    23

Table legend: (Time is in decaauts)
 A = Elapsed time spent in this place.
 B = Non-inter-level travel time spent in this place.
 C = Inter-level travel time spent in this place.
 D = Time resting spent in this place.
 E = Time spent auto-exploring this place.
 F = Levels seen in this place.
 G = Mean time per level.
                   A        B        C        D        E       F      G
               +--------+--------+--------+--------+--------+-----+--------+
         Total |   1497 |   1497 |      0 |    326 |    890 |   2 |  748.5 |
       Dungeon |   1497 |   1497 |      0 |    326 |    890 |   2 |  748.5 |
               +--------+--------+--------+--------+--------+-----+--------+

Top non-repeatable levels by time:
     D:1: 980 daAuts
     D:2: 517 daAuts
